[Event "41st Amateur D7"]
[Site "ChessGUI4"]
[Date "2013.07.11"]
[Round "31.2"]
[White "Butcher 1.64 64-bit"]
[Black "FireFly 2.6.0 64-bit"]
[Result "1-0"]
[BlackElo "2258"]
[ECO "B42"]
[EventDate "2013.??.??"]
[TimeControl "40/1500:40/1500:40/1500"]
[WhiteElo "2355"]

{ i5 Quad } 1.e4 c5 2.Nf3 e6 3.d4 cxd4 4.Nxd4 a6 5.Bd3 g6 6.b3 Bg7 7.Bb2 Nf6 8.O-O O-O 9.Nf3 d5
{ [%eval -48,12] [%emt 0:00:57] (d6) } 10.exd5
{ [%eval 48,11] [%emt 0:01:00] (exd5) } 10...exd5
{ [%eval -44,11] [%emt 0:00:56] (exd5) } 11.Re1
{ [%eval 40,11] [%emt 0:00:59] (Re1) } 11...Nc6
{ [%eval -42,10] [%emt 0:00:55] (Nc6) } 12.Na3
{ [%eval 27,10] [%emt 0:00:59] (Nbd2) } 12...Bg4
{ [%eval -20,11] [%emt 0:00:55] (Re8) } 13.h3
{ [%eval 26, 11] [%emt 0:01:04] (h3) } 13...Be6
{ [%eval -15,11] [%emt 0:00:54] (Bxf3) } 14.Nd4
{ [%eval 30,11] [%emt 0:01:03] (Ng5) } 14...Nxd4
{ [%eval -11,12] [%emt 0:00:53] (Nh5) } 15.Bxd4
{ [%eval 34,11] [%emt 0:00:58] (Bxd4) } 15...Rc8
{ [%eval -8,11] [%emt 0:00: 43] (Re8) } 16.Qd2
{ [%eval 34,11] [%emt 0:01:01] (Nb1) } 16...Qd6
{ [%eval 0,10] [%emt 0:00:43] (Ne4) } 17.Qc1
{ [%eval 8,11] [%emt 0:00:50] (Qa5) } 17...Rfd8
{ [%eval 5,11] [%emt 0:00:43] (Nh5) } 18.Be5
{ [%eval 29,11] [%emt 0:00:59] (Qb2) } 18...Qe7
{ [%eval -2,11] [%emt 0:00:42] (Qe7) } 19.Qb2
{ [%eval 22,11] [%emt 0:00:58] (Nb1) } 19...Nh5
{ [%eval -2,11] [%emt 0:00:42] (Nh5) } 20.Bxg7
{ [%eval 17,11] [%emt 0:00:57] (Bxg7) } 20...Nxg7
{ [%eval 1,11] [%emt 0:00:42] (Nxg7) } 21.Rad1
{ [%eval 17, 11] [%emt 0:00:49] (Rad1) } 21...Nh5
{ [%eval -16,11] [%emt 0:00:41] (Nh5) } 22.Bf1
{ [%eval 7,11] [%emt 0:00:46] (c4) } 22...b5
{ [%eval 1,11] [%emt 0:00:41] (Qf6) } 23.b4
{ [%eval 1,11] [%emt 0:00:47] (b4) } 23...Qd6
{ [%eval 0,11] [%emt 0:00:41] (Qf6) } 24.c4
{ [%eval 51,11] [%emt 0:00:47] (Qd4) } 24...bxc4
{ [%eval -4,12] [%emt 0:00:40] (bxc4) } 25.Nxc4
{ [%eval 56,11] [%emt 0:00:45] (Nxc4) } 25...Qc6
{ [%eval -17,12] [%emt 0:00:40] (Qc6) } 26.Na5
{ [%eval 57,11] [%emt 0:00:45] (Ne5) } 26...Qb6
{ [%eval -25,12] [%emt 0:00:39] (Qb6) } 27.Qd4
{ [%eval 51,11] [%emt 0:00:44] (Qd4) } 27...Rb8
{ [%eval -26,12] [%emt 0:00:39] (Rd6) } 28.Qh4
{ [%eval 65,11] [%emt 0:00:43] (a3) } 28...Ng7
{ [%eval 14,10] [%emt 0:00:38] (Ng7) } 29.a3
{ [%eval 74,11] [%emt 0:00:42] (a3) } 29...Bf5
{ [%eval -4,10] [%emt 0:00:38] (Qd6) } 30.Be2
{ [%eval 64,10] [%emt 0:00:42] (Qd4) } 30...Rd6
{ [%eval 0,10] [%emt 0:00:37] (Be4) } 31.Bf3
{ [%eval 62,11] [%emt 0:00:40] (Bf3) } 31...Be6
{ [%eval -18,11] [%emt 0:00:37] (d4) } 32.Qf4
{ [%eval 105,11] [%emt 0:00:39] (Nb3) } 32...Rbd8
{ [%eval -24,11] [%emt 0:00: 36] (Qd8) } 33.Rc1
{ [%eval 91,10] [%emt 0:00:35] (Nb3) } 33...h5
{ [%eval -22,10] [%emt 0:00:36] (Bf5) } 34.Re5
{ [%eval 130,10] [%emt 0:00:33] (Qg5) } 34...R8d7
{ [%eval -33,10] [%emt 0:00:35] (Bf5) } 35.Nb3
{ [%eval 142,10] [%emt 0:00:31] (Rc8) } 35...Qb8
{ [%eval -66,10] [%emt 0:00:34] (Qd8) } 36.Nc5
{ [%eval 190,10] [%emt 0:00:28] (Nc5) } 36...Rd8
{ [%eval -81,10] [%emt 0:00:34] (Ra7) } 37.Rd1
{ [%eval 179, 9] [%emt 0:00:26] (Rd1) } 37...Kh7
{ [%eval -86,10] [%emt 0:00:33] (a5) } 38.Be2
{ [%eval 205,9] [%emt 0:00:24] (Nxe6) } 38...Qa7
{ [%eval -106,10] [%emt 0:00:32] (Qa7) } 39.Re1
{ [%eval 193,8] [%emt 0:00:17] (Re1) } 39...Kg8
{ [%eval -132,10] [%emt 0:00: 31] (Bf5) } 40.Bd3
{ [%eval 222,9] [%emt 0:00:15] (Bd3) } 40...Qb6
{ [%eval -152,10] [%emt 0:00:30] (a5) } 41.Nxa6
{ [%eval 226,10] [%emt 0:00:49] (Nxa6) } 41...Bf5
{ [%eval -160,11] [%emt 0:00:35] (Bf5) } 42.Nc5
{ [%eval 218,11] [%emt 0:00:49] (Nc5) } 42...Bxd3
{ [%eval -170,11] [%emt 0:00:35] (Bxd3) } 43.Nxd3
{ [%eval 238,11] [%emt 0:00:49] (Nxd3) } 43...f6
{ [%eval -192,11] [%emt 0:00:35] (Ne6) } 44.R5e2
{ [%eval 244,12] [%emt 0:00:48] (R5e2) } 44...g5
{ [%eval -193,11] [%emt 0:00:35] (Nf5) } 45.Qf3
{ [%eval 285,13] [%emt 0:00:48] (Qf3) } 45...Rc8
{ [%eval -230,11] [%emt 0:00: 35] (Qd4) } 46.Nc5
{ [%eval 348,11] [%emt 0:00:53] (Nc5) } 46...Qc6
{ [%eval -253,11] [%emt 0:00:35] (Qa7) } 47.Qd3
{ [%eval 358,11] [%emt 0:00:50] (a4) } 47...f5
{ [%eval -286,11] [%emt 0:00:35] (Kf8) } 48.Re7
{ [%eval 379,11] [%emt 0:00:51] (Qd4) } 48...d4
{ [%eval -340,11] [%emt 0:00:35] (d4) } 49.Qg3
{ [%eval 388,10] [%emt 0:00:51] (Qd2) } 49...Kh8
{ [%eval -308,10] [%emt 0:00:35] (f4) } 50.h4
{ [%eval 419,11] [%emt 0:00:50] (a4) } 50...f4
{ [%eval -362,11] [%emt 0:00:35] (g4) } 51.Qd3
{ [%eval 451,12] [%emt 0:00:45] (Qd3) } 51...Rc7
{ [%eval -403,12] [%emt 0:00:35] (Rc7) } 52.hxg5
{ [%eval 461,12] [%emt 0:00:48] (Rxc7) } 52...Rxe7
{ [%eval -412,12] [%emt 0:00:35] (Rxe7) } 53.Rxe7
{ [%eval 499,12] [%emt 0:00:48] (Rxe7) } 53...f3
{ [%eval -455,12] [%emt 0:00:35] (Qd5) } 54.Rf7
{ [%eval 551,12] [%emt 0:00:41] (Rf7) } 54...Qe8
{ [%eval -503,12] [%emt 0:00:35] (Qe8) } 55.Qxf3
{ [%eval 651,12] [%emt 0:00:40] (Qxf3) } 55...Kg8
{ [%eval -596,12] [%emt 0:00:35] (Kg8) } 56.Ra7
{ [%eval 669,12] [%emt 0:00:40] (Ra7) } 56...Kh8
{ [%eval -603,12] [%emt 0:00:35] (Qe1) } 57.Ne6
{ [%eval 725,12] [%emt 0:00:40] (Qf4) } 57...Nxe6
{ [%eval -766,13] [%emt 0:00:36] (Rc6) } 1-0

[Event "41st Amateur D7"]
[Site "ChessGUI4"]
[Date "2013.07.11"]
[Round "31.3"]
[White "Gibbon 2.57a 64-bit"]
[Black "ChessKiss 1.7 64-bit"]
[Result "0-1"]
[BlackElo "2214"]
[ECO "A87"]
[EventDate "2013.??.??"]
[TimeControl "40/1500:40/1500:40/1500"]
[WhiteElo "2251"]

{ i5 Quad } 1.Nf3 d6 2.d4 g6 3.c4 f5 4.Nc3 Nf6 5.g3 Bg7 6.Bg2 O-O 7.O-O Qe8 8.d5 Na6 9.Nd4 Nc5 { [%eval -62,11] [%emt 0:00: 43] (Bd7) } 10.Qc2
{ [%eval 47,12] [%emt 0:00:52] (Bf4) } 10...Nfe4
{ [%eval -43,10] [%emt 0:00:41] (a6) } 11.Nxe4
{ [%eval 53,13] [%emt 0:00:30] (Nxe4) } 11...Nxe4
{ [%eval -29,12] [%emt 0:00:40] (Bxd4) } 12.Nb5
{ [%eval 78,14] [%emt 0:00:25] (Bxe4) } 12...Qd8
{ [%eval -26,12] [%emt 0:00:39] (Qd8) } 13.Bxe4
{ [%eval 85,15] [%emt 0:01:08] (Be3) } 13...fxe4
{ [%eval -2,13] [%emt 0:00:38] (fxe4) } 14.Qxe4
{ [%eval 76,15] [%emt 0:01:11] (Qxe4) } 14...Bh3
{ [%eval -12,12] [%emt 0:00:37] (Bf5) } 15.Rd1
{ [%eval 89,13] [%emt 0:00:25] (Rd1) } 15...Qd7
{ [%eval -20,11] [%emt 0:00:35] (c5) } 16.Nd4
{ [%eval 87,13] [%emt 0:00:37] (Nd4) } 16...Kh8
{ [%eval -36,10] [%emt 0: 00:35] (Rae8) } 17.Bg5
{ [%eval 104,11] [%emt 0:00:21] (Bg5) } 17...h6
{ [%eval -59,10] [%emt 0:00:33] (Rae8) } 18.Qh4
{ [%eval 99,12] [%emt 0:00:22] (Be3) } 18...Kh7
{ [%eval -35,12] [%emt 0:00:33] (Qg4) } 19.Bxe7
{ [%eval 104,13] [%emt 0:00:38] (Bxe7) } 19...Rf7
{ [%eval -58,12] [%emt 0:00:32] (Rf7) } 20.Bg5
{ [%eval 115,14] [%emt 0:00:18] (Bg5) } 20...Re8
{ [%eval -77,11] [%emt 0:00:36] (Qg4) } 21.f3
{ [%eval 143,13] [%emt 0:00:31] (f3) } 21...c5
{ [%eval -76,11] [%emt 0:00:30] (Re5) } 22.dxc6
{ [%eval 205,12] [%emt 0:00:26] (dxc6) } 22...bxc6
{ [%eval -69,12] [%emt 0: 00:29] (bxc6) } 23.Bf4
{ [%eval 176,12] [%emt 0:00:33] (g4) } 23...c5
{ [%eval -104,10] [%emt 0:00:32] (h5) } 24.Nb3
{ [%eval 84,13] [%emt 0:00:36] (Nb3) } 24...Rxe2
{ [%eval -40,11] [%emt 0:00:27] (Rxe2) } 25.Rxd6
{ [%eval 73,12] [%emt 0:00:16] (Nxc5) } 25...Qf5
{ [%eval -90,10] [%emt 0:00:27] (Rxf4) } 26.Rd2
{ [%eval -44,12] [%emt 0:00:46] (Rd2) } 26...Rfe7
{ [%eval 114,11] [%emt 0:00:25] (Rfe7) } 27.Rxe2
{ [%eval -202,12] [%emt 0:00:17] (Rc1) } 27...Rxe2
{ [%eval 182,13] [%emt 0:00:25] (Rxe2) } 28.Rc1
{ [%eval -286,12] [%emt 0:00:24] (g4) } 28...g5
{ [%eval 462,12] [%emt 0:00:23] (a5) } 29.Qh5
{ [%eval -703,12] [%emt 0:00:16] (Qh5) } 29...Qd7
{ [%eval 683, 11] [%emt 0:00:21] (Bxb2) } 30.Be3
{ [%eval -849,12] [%emt 0:00:12] (Be3) } 30...Bxb2
{ [%eval 871,11] [%emt 0:00:23] (Bxb2) } 31.Rf1
{ [%eval -1001,13] [%emt 0:00:13] (Rf1) } 31...Rxe3
{ [%eval 1000,13] [%emt 0:00:22] (Rxe3) } 32.f4
{ [%eval -1357,14] [%emt 0:00:27] (f4) } 32...Rxb3
{ [%eval 1122,12] [%emt 0:00:20] (Rxb3) } 0-1

[Event "41st Amateur D7"]
[Site "ChessGUI4"]
[Date "2013.07.11"]
[Round "31.4"]
[White "Waxman 2011"]
[Black "Shallow 1.0 64-bit"]
[Result "0-1"]
[BlackElo "2200"]
[ECO "E60"]
[EventDate "2013.??.??"]
[TimeControl "40/1500:40/1500:40/1500"]
[WhiteElo "2256"]

{ i5 Quad } 1.d4 Nf6 2.c4 g6 3.g3 Bg7 4.Bg2 d5 5.cxd5 Nxd5 6.Nf3 Nb6 7.Nc3 Nc6 8.e3 O-O 9.Bd2 e5
{ [%eval 18,14] [%emt 0:00:42] (e5) } 10.dxe5
{ [%eval -26,12] [%emt 0:00:47] (Nxe5) } 10...Nc4
{ [%eval 30, 13] [%emt 0:00:42] (Nc4) } 11.Na4
{ [%eval -41,12] [%emt 0:00:46] (b3) } 11...Bg4
{ [%eval 26,13] [%emt 0:00:42] (N6xe5) } 12.Qc2
{ [%eval -51,12] [%emt 0:01:29] (Bc3) } 12...Qd5
{ [%eval 36,13] [%emt 0:00:42] (N4xe5) } 13.O-O-O
{ [%eval -55,11] [%emt 0:00:39] (Nh4) } 13...Bxf3
{ [%eval 146,13] [%emt 0:00:42] (Bxf3) } 14.Bxf3
{ [%eval -127,12] [%emt 0:00:32] (Bxf3) } 14...Qxf3
{ [%eval 136,14] [%emt 0:00:42] (Qxf3) } 15.Qxc4
{ [%eval -75,11] [%emt 0:00:12] (Qxc4) } 15...Nxe5
{ [%eval 136,13] [%emt 0:00:42] (Nxe5) } 16.Qc2
{ [%eval -100,11] [%emt 0:00:38] (Qc2) } 16...Qxf2
{ [%eval 131,11] [%emt 0:00:42] (Ng4) } 17.Nc5
{ [%eval -102,11] [%emt 0:00:30] (Kb1) } 17...Qe2
{ [%eval 153,13] [%emt 0:00:42] (Qe2) } 18.Kb1
{ [%eval -150,12] [%emt 0:01:18] (Kb1) } 18...Qb5
{ [%eval 151,13] [%emt 0:00:42] (Rfe8) } 19.Bc1
{ [%eval -145,12] [%emt 0:00:38] (b3) } 19...Rad8
{ [%eval 145,13] [%emt 0:00:42] (Rad8) } 20.Rhf1
{ [%eval -144,12] [%emt 0:00:48] (b3) } 20...Nc4
{ [%eval 151,13] [%emt 0: 00:42] (Rxd1) } 21.Nb3
{ [%eval -148,12] [%emt 0:00:46] (Nb3) } 21...Rd6
{ [%eval 148, 12] [%emt 0:00:42] (Rfe8) } 22.e4
{ [%eval -144,12] [%emt 0:01:08] (Rxd6) } 22...Ra6
{ [%eval 162,12] [%emt 0:00:42] (Re8) } 23.Rf3
{ [%eval -125,11] [%emt 0:00:40] (Rf3) } 23...Qa4
{ [%eval 166,12] [%emt 0:00:42] (Re8) } 24.a3
{ [%eval -171,12] [%emt 0:00:50] (a3) } 24...Re8
{ [%eval 170,11] [%emt 0:00:42] (Re8) } 25.h3
{ [%eval -173, 11] [%emt 0:00:38] (Rfd3) } 25...Rc6
{ [%eval 195,12] [%emt 0:00:42] (Rae6) } 26.Qg2
{ [%eval -196,11] [%emt 0:00:41] (Nd4) } 26...Nd6
{ [%eval 239,11] [%emt 0:00:42] (Na5) } 27.e5
{ [%eval -217,11] [%emt 0:00:48] (Re3) } 27...Qe4+
{ [%eval 248,11] [%emt 0:00: 42] (Qe4) } 28.Rdd3
{ [%eval -220,11] [%emt 0:00:26] (Rdd3) } 28...Rxe5
{ [%eval 243, 12] [%emt 0:00:42] (Bxe5) } 29.Ka2
{ [%eval -230,11] [%emt 0:00:40] (Ka2) } 29...Qe2
{ [%eval 241,12] [%emt 0:00:42] (Qe2) } 30.Rd2
{ [%eval -217,12] [%emt 0:00:42] (Qxe2) } 30...Qb5
{ [%eval 245,12] [%emt 0:00:42] (Qxg2) } 31.Qf1
{ [%eval -232,12] [%emt 0:01:42] (Rdd3) } 31...Rc4
{ [%eval 241,12] [%emt 0:00:42] (Qc4) } 32.Rdf2
{ [%eval -224,11] [%emt 0:00:36] (Rf4) } 32...Re7
{ [%eval 245,11] [%emt 0:00:42] (Qd5) } 33.Re3
{ [%eval -240,11] [%emt 0:00:36] (Rd3) } 33...Be5
{ [%eval 236,12] [%emt 0:00: 42] (Rxe3) } 34.Rff3
{ [%eval -231,10] [%emt 0:00:38] (Re1) } 34...Qa4
{ [%eval 240,11] [%emt 0:00:42] (a6) } 35.Rd3
{ [%eval -219,11] [%emt 0:00:42] (g4) } 35...Rc2
{ [%eval 247,11] [%emt 0:00:42] (Rc2) } 36.Kb1
{ [%eval -246,12] [%emt 0:00:50] (Kb1) } 36...Rh2
{ [%eval 241,11] [%emt 0:00:42] (Rh2) } 37.g4
{ [%eval -246,12] [%emt 0:01:16] (g4) } 37...Qc4
{ [%eval 241,12] [%emt 0:00:42] (Re8) } 38.Bd2
{ [%eval -237, 11] [%emt 0:00:18] (Bd2) } 38...Re8
{ [%eval 231,12] [%emt 0:00:42] (Qc6) } 39.Qd1
{ [%eval -260,10] [%emt 0:00:27] (Qc1) } 39...Ne4
{ [%eval 255,11] [%emt 0:00:42] (Ne4) } 40.Qc2
{ [%eval -301,10] [%emt 0:00:15] (Qc2) } 40...Qxc2+
{ [%eval 319,13] [%emt 0: 00:42] (b5) } 41.Kxc2
{ [%eval -337,12] [%emt 0:00:07] (Kxc2) } 41...c5
{ [%eval 320, 13] [%emt 0:00:37] (c5) } 42.Rd5
{ [%eval -345,12] [%emt 0:00:28] (Rd5) } 42...c4
{ [%eval 333,13] [%emt 0:00:37] (c4) } 43.Nc5
{ [%eval -360,13] [%emt 0:00:34] (Na5) } 43...Nf6
{ [%eval 369,14] [%emt 0:00:37] (Rxd2) } 44.Rxe5
{ [%eval -370,14] [%emt 0:00:27] (Rxf6) } 44...Rxe5
{ [%eval 454,14] [%emt 0:00:37] (Rxe5) } 45.Rxf6
{ [%eval -395,14] [%emt 0:00:28] (Rxf6) } 45...Rxc5
{ [%eval 444,13] [%emt 0:00:37] (Rxc5) } 46.Rd6
{ [%eval -400,14] [%emt 0:00:29] (Rd6) } 46...Kf8
{ [%eval 455,13] [%emt 0:00:37] (Rc8) } 47.Rd4
{ [%eval -392,14] [%emt 0:00:43] (Kc1) } 47...a5
{ [%eval 440,13] [%emt 0:00:37] (Ke8) } 48.Rd8+
{ [%eval -414,14] [%emt 0:00:33] (h4) } 48...Ke7
{ [%eval 472,14] [%emt 0:00:37] (Ke7) } 49.Rd4
{ [%eval -408,14] [%emt 0:00:23] (Rd4) } 49...f6
{ [%eval 472,13] [%emt 0:00:37] (Ke8) } 50.Re4+
{ [%eval -421, 14] [%emt 0:00:35] (h4) } 50...Kf7
{ [%eval 481,14] [%emt 0:00:37] (Re5) } 51.Rd4
{ [%eval -438,15] [%emt 0:00:26] (Rd4) } 51...Ke6
{ [%eval 481,14] [%emt 0:00:37] (Ke6) } 52.Kc1
{ [%eval -438,14] [%emt 0:00:32] (Re4) } 52...Rxh3
{ [%eval 482,13] [%emt 0:00: 37] (Rxh3) } 53.Re4+
{ [%eval -461,15] [%emt 0:00:36] (Re4) } 53...Kf7
{ [%eval 485,14] [%emt 0:00:37] (Kf7) } 54.Rd4
{ [%eval -475,15] [%emt 0:00:36] (Rd4) } 54...Rd3
{ [%eval 489,14] [%emt 0:00:37] (Rd3) } 55.Rf4
{ [%eval -476,15] [%emt 0:00:45] (Rf4) } 55...g5
{ [%eval 488,13] [%emt 0:00:37] (g5) } 56.Re4
{ [%eval -504,15] [%emt 0:00:41] (Rf2) } 56...a4
{ [%eval 495,14] [%emt 0:00:37] (b5) } 0-1

[Event "41st Amateur D7"]
[Site "ChessGUI4"]
[Date "2013.07.11"]
[Round "31.5"]
[White "ProChess 1.02AD"]
[Black "MadChess 1.2"]
[Result "0-1"]
[BlackElo "2200"]
[ECO "C45"]
[EventDate "2013.??.??"]
[TimeControl "40/1500:40/1500:40/1500"]
[WhiteElo "2244"]

{ i5 Quad } 1.e4 e5 2.Nf3 Nc6 3.d4 exd4 4.Nxd4 Nf6 5.Nxc6 bxc6 6.e5 Qe7 7.Qe2 Nd5 8.c4 Ba6 9.Nd2 g6
{ [%eval 0, 10] [%emt 0:00:39] (Nf4) } 10.Qe4
{ [%eval 40,12] [%emt 0:00:44] (g3) } 10...Nb6
{ [%eval 5,11] [%emt 0:00:56] (f5) } 11.Kd1
{ [%eval 10,12] [%emt 0:05:35] (a4) } 11...Bb7
{ [%eval 10,10] [%emt 0:00:39] (Bb7) } 12.a4
{ [%eval 13,11] [%emt 0:00:54] (Nf3) } 12...a5
{ [%eval 47,11] [%emt 0:00:56] (a5) } 13.Nf3
{ [%eval 5,11] [%emt 0:00: 57] (Nf3) } 13...Bg7
{ [%eval 42,10] [%emt 0:00:22] (Bg7) } 14.Bf4
{ [%eval -5,11] [%emt 0:01:29] (Bf4) } 14...O-O
{ [%eval 71,10] [%emt 0:00:29] (O-O) } 15.Qc2
{ [%eval -16,11] [%emt 0:01:13] (Qc2) } 15...c5
{ [%eval 106,11] [%emt 0:00:30] (c5) } 16.Be2
{ [%eval -38,11] [%emt 0:00:20] (Be2) } 16...Rae8
{ [%eval 106,11] [%emt 0:00: 27] (Ra7) } 17.Re1
{ [%eval -45,12] [%emt 0:00:31] (Re1) } 17...d6
{ [%eval 86,11] [%emt 0:00:44] (Bxf3) } 18.exd6
{ [%eval -30,12] [%emt 0:00:36] (Kc1) } 18...cxd6
{ [%eval 105,11] [%emt 0:00:32] (Qf6) } 19.Bd2
{ [%eval -15,11] [%emt 0:00:41] (Bd2) } 19...Bxf3
{ [%eval 111,11] [%emt 0:00:28] (Ra8) } 20.gxf3
{ [%eval -28,11] [%emt 0:00:26] (gxf3) } 20...Ra8
{ [%eval 127,10] [%emt 0:00:36] (Ra8) } 21.f4
{ [%eval -20,11] [%emt 0:00:37] (f4) } 21...Qh4
{ [%eval 117,10] [%emt 0:00:19] (Qh4) } 22.Be3
{ [%eval -20,10] [%emt 0:00:17] (Qb3) } 22...Rab8
{ [%eval 134,10] [%emt 0:00: 37] (Rfd8) } 23.Qd2
{ [%eval -62,11] [%emt 0:00:54] (Qd2) } 23...Rfd8
{ [%eval 151,11] [%emt 0:00:46] (Rfd8) } 24.Kc1
{ [%eval -89,10] [%emt 0:00:17] (Ra2) } 24...d5
{ [%eval 249,10] [%emt 0:00:19] (d5) } 25.cxd5
{ [%eval -166,11] [%emt 0:00:20] (cxd5) } 25...Nxd5
{ [%eval 255,12] [%emt 0:00:37] (Nxd5) } 26.Bb5
{ [%eval -245,11] [%emt 0:00:29] (Bb5) } 26...Nc3
{ [%eval 272,11] [%emt 0:00:18] (Nxf4) } 27.bxc3
{ [%eval -162,13] [%emt 0:00:23] (Qc2) } 27...Rxd2
{ [%eval 298,12] [%emt 0:00:26] (Rxd2) } 28.Kxd2
{ [%eval -172,12] [%emt 0:00:26] (Kxd2) } 28...Qxh2
{ [%eval 294,12] [%emt 0:00:32] (Rd8) } 29.Rad1
{ [%eval -159,10] [%emt 0:00:12] (Kc2) } 29...Qh3
{ [%eval 346,11] [%emt 0:00:25] (Qg2) } 30.c4
{ [%eval -160,11] [%emt 0:00:12] (Rg1) } 30...Qf5
{ [%eval 327,12] [%emt 0:00:43] (Qf5) } 31.Ke2
{ [%eval -163,13] [%emt 0:00:24] (f3) } 31...Qh5+
{ [%eval 323,13] [%emt 0:00:43] (Qg4) } 32.Kd2
{ [%eval -166,14] [%emt 0:00:12] (Kd2) } 32...Rd8+
{ [%eval 344,14] [%emt 0:00:36] (Rd8) } 33.Kc1
{ [%eval -168,14] [%emt 0:00:09] (Kc1) } 33...Bd4
{ [%eval 355,15] [%emt 0: 01:03] (Bd4) } 34.Rd2
{ [%eval -168,13] [%emt 0:00:18] (Kc2) } 34...Qf5
{ [%eval 298, 15] [%emt 0:05:44] (Qf3) } 35.Red1
{ [%eval -168,12] [%emt 0:00:13] (Red1) } 35...Qe4
{ [%eval 377,14] [%emt 0:01:51] (Qe4) } 36.Re1
{ [%eval -241,13] [%emt 0:00:14] (Re1) } 36...h5
{ [%eval 440,13] [%emt 0:00:27] (h5) } 37.Rdd1
{ [%eval -240,12] [%emt 0:00:09] (Ree2) } 37...Bxe3+
{ [%eval 441,14] [%emt 0:00:17] (Bxe3) } 38.Rxe3
{ [%eval -359,15] [%emt 0:00:34] (Rxe3) } 38...Rxd1+
{ [%eval 548,15] [%emt 0:00:20] (Rxd1) } 39.Kxd1
{ [%eval -359,15] [%emt 0:00:07] (Kxd1) } 39...Qxf4
{ [%eval 552,15] [%emt 0:00:29] (Qxf4) } 40.Ke2
{ [%eval -375,14] [%emt 0:00:35] (Ke1) } 40...h4
{ [%eval 577,13] [%emt 0:00:11] (h4) } 41.Kf1
{ [%eval -420,14] [%emt 0:01:26] (Kf1) } 41...Qg4
{ [%eval 650,15] [%emt 0:00:45] (Qg4) } 42.Bc6
{ [%eval -445,16] [%emt 0:01:03] (Bc6) } 42...Qxc4+
{ [%eval 648,16] [%emt 0:01:02] (h3) } 43.Kg2
{ [%eval -416,15] [%emt 0:00:49] (Kg2) } 43...Qg4+
{ [%eval 721,15] [%emt 0:00:52] (Qg4) } 44.Kf1
{ [%eval -491,15] [%emt 0:04:34] (Kh2) } 44...h3
{ [%eval 767,16] [%emt 0:01: 45] (h3) } 45.Bf3
{ [%eval -489,14] [%emt 0:00:36] (Ke1) } 45...Qxa4
{ [%eval 776,15] [%emt 0:00:55] (Qxa4) } 46.Kg1
{ [%eval -500,13] [%emt 0:00:33] (Kg1) } 46...Qh4
{ [%eval 788,15] [%emt 0:00:49] (Qf4) } 47.Bh1
{ [%eval -540,13] [%emt 0:00:29] (Bh1) } 0-1

[Event "41st Amateur D7"]
[Site "ChessGUI4"]
[Date "2013.07.11"]
[Round "32.1"]
[White "Carballo 0.8"]
[Black "FireFly 2.6.0 64-bit"]
[Result "0-1"]
[BlackElo "2258"]
[ECO "D45"]
[EventDate "2013.??.??"]
[TimeControl "40/1500:40/1500:40/1500"]
[WhiteElo "2273"]

{ i5 Quad } 1.d4 d5 2.c4 c6 3.Nc3 Nf6 4.Nf3 a6 5.e3 e6 6.c5 Nbd7 7.Bd3 b6 8.cxb6 Qxb6 9.Qc2 Bd6
{ [%eval -62,11] [%emt 0:00:57] (Bd6) } 10.e4
{ [%eval 41,13] [%emt 0:00:36] (e4) } 10...dxe4
{ [%eval -70,11] [%emt 0:00:56] (e5) } 11.Nxe4
{ [%eval 33,14] [%emt 0:00:35] (Nxe4) } 11...Nxe4
{ [%eval -88,10] [%emt 0:00:55] (Nxe4) } 12.Bxe4
{ [%eval 11,14] [%emt 0:00: 34] (Bxe4) } 12...Bb7
{ [%eval -85,10] [%emt 0:00:45] (Bb7) } 13.O-O
{ [%eval 11,12] [%emt 0:00:33] (O-O) } 13...f5
{ [%eval -62,11] [%emt 0:00:45] (f5) } 14.Bd3
{ [%eval 18,13] [%emt 0:00:32] (Bd3) } 14...c5
{ [%eval -64,11] [%emt 0:00:45] (c5) } 15.Qe2
{ [%eval 17,12] [%emt 0:00:32] (Qe2) } 15...O-O-O
{ [%eval -88,11] [%emt 0:00:45] (O-O-O) } 16.Bg5
{ [%eval 4,11] [%emt 0:00:31] (Be3) } 16...cxd4
{ [%eval -64,11] [%emt 0:00:44] (Rde8) } 17.Bxd8
{ [%eval 120,13] [%emt 0:00:30] (Bxd8) } 17...Rxd8
{ [%eval -56,10] [%emt 0:00:44] (Bxf3) } 18.Ng5
{ [%eval 96,13] [%emt 0:00:29] (Bc4) } 18...Kb8
{ [%eval -86,10] [%emt 0:00:43] (Bd5) } 19.Nxe6
{ [%eval 147,12] [%emt 0:00:29] (Nxe6) } 19...Re8
{ [%eval -146,10] [%emt 0:00:43] (Re8) } 20.Bxf5
{ [%eval 172,13] [%emt 0:00:28] (Bxf5) } 20...Nf8
{ [%eval -103,10] [%emt 0:00:34] (g6) } 21.Nxf8
{ [%eval 135,14] [%emt 0:00:27] (Nxf8) } 21...Bxh2+
{ [%eval -95,11] [%emt 0: 00:34] (Bxh2) } 22.Kh1
{ [%eval 148,15] [%emt 0:00:26] (Kh1) } 22...Rxf8
{ [%eval -95, 10] [%emt 0:00:34] (Rxf8) } 23.Qe6
{ [%eval 155,13] [%emt 0:00:26] (Qh5) } 23...Bd6
{ [%eval -16,10] [%emt 0:00:34] (Qxe6) } 24.Bxh7
{ [%eval 141,12] [%emt 0:00:25] (Rac1) } 24...Rf6
{ [%eval 66,11] [%emt 0:00:34] (Qc5) } 25.Qg8+
{ [%eval -34,16] [%emt 0:00:24] (Qg8) } 25...Ka7
{ [%eval 118,10] [%emt 0:00:34] (Ka7) } 26.Kg1
{ [%eval -40,14] [%emt 0:00:24] (Kg1) } 26...Rh6
{ [%eval 132,11] [%emt 0:00:34] (Rh6) } 27.Rfd1
{ [%eval -35,13] [%emt 0:00:23] (Rfd1) } 27...d3
{ [%eval 352,11] [%emt 0:00: 30] (Rh2) } 28.Rxd3
{ [%eval -41,12] [%emt 0:00:23] (Rxd3) } 28...Qxb2
{ [%eval 287,12] [%emt 0:00:34] (Bh2) } 29.Rad1
{ [%eval -287,14] [%emt 0:00:22] (Rad1) } 29...Qe5
{ [%eval 436,12] [%emt 0:00:51] (Qe5) } 30.Rh3
{ [%eval -372,13] [%emt 0:00:21] (Rh3) } 30...Rxh3
{ [%eval 572,12] [%emt 0:00:21] (Rxh3) } 31.gxh3
{ [%eval -402,14] [%emt 0:00:21] (gxh3) } 31...Qh2+
{ [%eval 668,12] [%emt 0:00:21] (Qh2) } 32.Kf1
{ [%eval -501,15] [%emt 0:00:20] (Kf1) } 32...Qxh3+
{ [%eval 669,12] [%emt 0:00:25] (Qxh3) } 33.Ke2
{ [%eval -493,15] [%emt 0:00:20] (Ke2) } 33...Qh5+
{ [%eval 669,11] [%emt 0:00:22] (Qf3) } 34.f3
{ [%eval -498,14] [%emt 0:00:19] (Ke3) } 34...Qxf3+
{ [%eval 1528,12] [%emt 0:00:45] (Qxf3) } 35.Kd2
{ [%eval -1136,15] [%emt 0:00:19] (Kd2) } 0-1